 Dungeon Crawl Stone Soup version 0.30.0-5-g1a98f26d00 (webtiles) character file.

Game seed: 18337977995538587573

87834 dialectric the Bludgeoner (level 15, 0/100 (101) HPs)
             Began as a Gargoyle Artificer on May 9, 2023.
             Was the Champion of Qazlal.
             Slain by a jorogumo (8 damage)
             ... on level 1 of the Spider Nest on May 10, 2023.
             The game lasted 00:45:43 (22039 turns).

dialectric the Bludgeoner (Gargoyle Artificer)     Turns: 22039, Time: 00:45:44

HP:   0/100 (101)   AC: 39    Str: 22      XL:     15   Next: 91%
MP:   0/15          EV: 11    Int:  8      God:    Qazlal [******]
Gold: 1915          SH:  8    Dex: 13 (14) Spells: 14/14 levels left

rFire   . . .        B - +1 morningstar (venom)
rCold   . . .        (no shield)
rNeg    + + .        y - +3 chain mail of Monotheism {rN+ Int-5 Dex+4 Slay+6}
rPois   ∞            o - +0 helmet
rElec   +            m - +0 cloak
rCorr   .            T - +3 pair of gauntlets of War {Slay+5}
SInv    +            w - +2 pair of boots {rampage}
Will    ++...        M - amulet of guardian spirit Stlth
                     c - ring of willpower
HPRegen 0.36/turn    S - ring of Cifif {rPois SInv}
MPRegen 0.14/turn

%: repel missiles, guardian spirit, rampage
@: flying, lightly drained
A: sickness immunity, AC +11, big wings, negative energy resistance 1,
electricity resistance, torment resistance 1, petrification resistance,
MP-powered wands
a: Renounce Religion, Upheaval, Elemental Force, Disaster Area


You were on level 1 of the Spider Nest.
You worshipped Qazlal.
Qazlal was exalted by your worship.
You visited 7 branches of the dungeon, and saw 26 of its levels.
You also visited: Bailey.

You collected 3112 gold pieces.
You spent 1197 gold pieces at shops.

Inventory:

Hand Weapons
 B - a +1 morningstar of venom (weapon)
 U - a +7 broad axe
Missiles
 K - 4 throwing nets
 V - 5 curare-tipped darts (quivered)
Armour
 m - a +0 cloak (worn)
 o - a +0 helmet (worn)
 w - a +2 pair of boots of rampaging (worn)
 y - the +3 chain mail of Monotheism (worn) {rN+ Int-5 Dex+4 Slay+6}
   (You found it on level 7 of the Dungeon)

   Int:       It affects your intelligence (-5).
   Dex:       It affects your dexterity (+4).
   Slay:      It affects your accuracy & damage with ranged weapons and melee
   (+6).
   rN:        It protects you from negative energy.
 F - a +2 cloak of willpower
 H - a +2 buckler
 Q - the +4 ring mail "Imuut" {Will+}
   (You found it on level 9 of the Dungeon)

   Will:      It increases your willpower.
 R - +0 steam dragon scales
 T - the +3 pair of gauntlets of War (worn) {Slay+5}
   (You acquired it in a bailey)

   Slay:      It affects your accuracy & damage with ranged weapons and melee
   (+5).
Jewellery
 c - a ring of willpower (left hand)
 n - a ring of willpower
 G - a ring of protection from fire
 M - an amulet of guardian spirit (around neck)
 O - a ring of protection from fire
 S - the ring of Cifif (right hand) {rPois SInv}
   (You bought it in a shop on level 9 of the Dungeon)

   [ring of poison resistance]

   rPois:     It protects you from poison.
   SInv:      It lets you see invisible.
Wands
 d - a wand of charming (7)
 e - a wand of iceblast (15)
 s - a wand of paralysis (18)
 v - a wand of quicksilver (3)
 L - a wand of flame (36)
 W - a wand of polymorph (8)
Scrolls
 b - 2 scrolls of silence
 f - 5 scrolls of enchant weapon
 g - 3 scrolls of fog
 j - a scroll of brand weapon
 q - 12 scrolls of identify
 u - 3 scrolls of blinking
 C - 6 scrolls of enchant armour
 I - 5 scrolls of teleportation
 J - a scroll of immolation
 X - a scroll of fear
Potions
 a - 4 potions of lignification
 h - 7 potions of mutation
 i - 3 potions of invisibility
 k - 3 potions of flight
 l - 3 potions of attraction
 p - 2 potions of ambrosia
 r - 8 potions of curing
 t - a potion of berserk rage {unknown}
 x - 3 potions of magic
 D - 2 potions of brilliance
 E - 4 potions of haste
 N - 3 potions of heal wounds
 P - a potion of might


   Skills:
 + Level 14.4 Fighting
 - Level 4.0 Short Blades
 - Level 18.0 Maces & Flails
 + Level 15.1 Armour
 - Level 5.0 Dodging
 - Level 1.1 Stealth
 + Level 5.6 Shields
 - Level 4.3 Evocations


You had 14 spell levels left.
You didn't know any spells.
Your spell library contained the following spells:

 Spells                   Type           Power      Damage    Failure   Level
 Necrotise                Necr           0%         1d4       86%         1
 Sting                    Tmut/Pois      0%         1d3       86%         1
 Summon Small Mammal      Summ           0%         N/A       86%         1
 Blink                    Tloc           0%         N/A       94%         2
 Lesser Beckoning         Tloc           0%         N/A       94%         2
 Momentum Strike          Conj/Tloc      0%         3d8       94%         2
 Poisonous Vapours        Pois/Air       0%         N/A       94%         2
 Call Canine Familiar     Summ           0%         N/A       99%         3
 Gell's Gravitas          Tloc           0%         N/A       99%         3
 Hailstorm                Conj/Ice       0%         3d3       99%         3
 Inner Flame              Hex/Fire       0%         N/A       99%         3
 Ozocubu's Armour         Ice            0%         N/A       99%         3
 Summon Guardian Golem    Hex/Summ       0%         N/A       99%         3
 Teleport Other           Tloc           0%         N/A       99%         3
 Vampiric Draining        Necr           0%         2d6       99%         3
 Flame Wave               Conj/Fire      0%         2d4       100%        4
 Ice Form                 Ice/Tmut       0%         N/A       100%        4
 Leda's Liquefaction      Hex/Erth       0%         N/A       100%        4
 Olgreb's Toxic Radiance  Pois           0%         N/A       100%        4
 Sticky Flame             Conj/Fire      0%         2d3       100%        4
 Agony                    Necr           0%         N/A       100%        5
 Lee's Rapid Deconstruct  Erth           0%         3d4*      100%        5
 Yara's Violent Unravell  Hex/Tmut       0%         3d3       100%        5
 Simulacrum               Ice/Necr       0%         N/A       100%        6
 Enfeeble                 Hex            0%         N/A       100%        7
 Ozocubu's Refrigeration  Ice            0%         4d7       100%        7
 Statue Form              Tmut/Erth      Unusable   N/A       N/A         6

Dungeon Overview and Level Annotations

Branches:
Dungeon (14/15)            Temple (1/1) D:7            Lair (5/5) D:10
  Swamp (1/4) Lair:2       Spider (1/4) Lair:2        Slime (0/5) Lair:5
    Orc (2/2) D:9             Elf (2/3) Orc:2        Vaults (0/5) D:13
 Bailey (visited)

Altars:
Ashenzari
Elyvilon
Fedhas
Gozag
Hepliaklqana
Makhleb
Nemelex Xobeh
Okawaru
Qazlal
Sif Muna
Uskayaw
Vehumet
Zin

Shops:
D:1 [   D:2 [   D:7 *?(([   D:8 *   D:9 *   Orc:2 **([*:[=

Annotations:
D:12 2 transporters, Naggiasi's ghost, journeyman KoBr
Lair:1 exclusion: oklob plant
Lair:4 exclusion: ice statue
Orc:2 3 runed translucent doors, Jackthecabe's ghost, journeyman TrDe


Innate Abilities, Weirdness & Mutations

You are immune to sickness and miasma.
Your stone body is resilient. (AC +11)
You are immune to poison.
Your large and strong wings let you fly.
You resist negative energy. (rN+)
You are resistant to electric shocks. (rElec)
You are resistant to unholy torment.
You are immune to petrification.
You expend magic power (3 MP) to strengthen your wands.


Message History

The web tears apart.
The wolf spider closely misses you. You block the wolf spider's attack.
The jorogumo stares at you and mumbles some strange words.
You block the stream of webbing.
Unknown command.
You sock the wolf spider!
The wolf spider is poisoned.
The wolf spider is moderately wounded.
You hear a horrible gurgling sound!
The jumping spider leaps!
The wolf spider hits you but does no damage.
The wolf spider closely misses you.
Unknown command.
You barely miss the wolf spider.
The wolf spider is moderately wounded.
The wolf spider hits you.
* * * LOW HITPOINT WARNING * * *
The wolf spider misses you.
Unknown command.
You puncture the wolf spider!
The wolf spider looks as sick as possible!
The wolf spider is severely wounded.
You hear a horrible gurgling sound!
The wolf spider hits you but does no damage.
The wolf spider misses you.
The jumping spider leaps!
Unknown command.
Unknown command.
You impale the wolf spider!!
You kill the wolf spider!
Qazlal accepts your kill.
You hear a horrible gurgling sound!
The jorogumo hits you!
* * * LOW HITPOINT WARNING * * *
You feel your strength returning.
Unknown command.
You closely miss the jorogumo.
The jorogumo is moderately wounded.
You hear a horrible gurgling sound!
The jorogumo is engulfed in freezing vapours.
The jorogumo hits you!
You die...

##?..#.##.....#.^.
#.#.#........#....
#......#........#
##..#.........##.. #
##.....^.#.#.....#.
##.#......#.#....#....
....^.°.#...†>.......
#.#§.......###......
..#..@○☼..#.## ###..#.
.......H○§....# #....
.^...§○°°.##### ###.#
......^....### ###
.#....#......##
###..)#..#...##
#...#.#.s...## ..
##..##....†..# .. #
##.#..†## ..


You could see a jorogumo and a jumping spider.

Vanquished Creatures
  2 ghost moths (Spider:1)
  An orc warlord (Bailey)
  A dire elephant (Lair:5)
  An ettin (Orc:1)
  3 vault guards (D:13)
  2 catoblepae
  A hydra (D:13)
  3 boulder beetles
  A death yak (Lair:4)
  3 two-headed ogres
  A dancing weapon (Elf:1)
  A deep elf knight (Elf:1)
  5 orc high priests (Orc:2)
  4 skeletal warriors (D:13)
  3 skysharks (Lair:5)
  2 orb spiders (Spider:1)
  A pharaoh ant (Spider:1)
  A sea snake (Lair:5)
  3 deep elf archers
  A steelbarb worm (Spider:1)
  A swamp dragon (Lair:2)
  A bog body (Lair:4)
  3 necromancers (D:13)
  6 deep elf zephyrmancers
  4 deep elf pyromancers
  A harpy (Lair:5)
  7 orc knights
  2 ugly things
  4 wolf spiders (Spider:1)
  A cyclops (D:13)
  A manticore (Lair:5)
  10 elephants
  3 black mambas
  A torpor snail (Spider:1)
  15 cane toads
  5 rime drakes
  4 gargoyles
  A freezing wraith (Lair:4)
  11 komodo dragons
  Maggie (D:8)
  A tengu conjurer (D:13)
  2 ice devils (Lair:4)
  5 polar bears
  A queen bee (shapeshifter) (Lair:3)
  11 trolls
  A wind drake (Lair:5)
  5 tarantellas
  2 hornets (Lair:5)
  11 blink frogs
  2 snapping turtles (Lair:5)
  8 jumping spiders (Spider:1)
  Sigmund (D:2)
  A jumping spider (shapeshifter) (D:9)
  7 slime creatures
  2 culicivoras
  2 wraiths
  A fire elemental (Elf:1)
  A water elemental (Elf:1)
  4 basilisks
  3 wyverns
  A vampire (D:11)
  61 yaks
  19 humans (D:13)
  4 steam dragons
  3 redbacks (Spider:1)
  Menkaure (D:4)
  A death yak simulacrum (Lair:4)
  A warg (Orc:1)
  An acid dragon (D:9)
  11 water moccasins
  46 orc warriors
  3 black bears
  An ice beast (D:6)
  5 ogres
  5 phantoms
  12 wolves
  6 centaurs
  A gnoll sergeant (D:9)
  10 bullfrogs
  A cane toad simulacrum (Lair:4)
  A two-headed ogre simulacrum (Lair:4)
  A scorpion (D:5)
  6 wights
  3 killer bees (D:10)
  2 howler monkeys (D:10)
  A vampire bat (Lair:4)
  2 hounds
  3 jellies
  Crazy Yiuf (D:3)
  20 orc priests
  A gnoll bouda (D:8)
  A sleepcap (D:4)
  Ijyb (D:3)
  2 hell rats (D:10)
  3 iguanas
  19 orc wizards
  A spriggan simulacrum (Lair:4)
  A troll simulacrum (Lair:4)
  Robin (D:3)
  22 gnolls
  10 adders
  2 river rats (D:10)
  3 white imps
  2 worms
  5 dart slugs
  91 orcs
  6 endoplasms
  5 giant cockroaches
  16 goblins
  6 hobgoblins
  5 jackals
  3 quokkas
  4 ball pythons
  8 bats
  6 frilled lizards
  16 kobolds
  8 rats
674 creatures vanquished.

Vanquished Creatures (collateral kills)
  A yak (D:8)
1 creature vanquished.

Vanquished Creatures (others)
  A yak (D:8)
  A water moccasin (D:5)
2 creatures vanquished.

Grand Total: 677 creatures vanquished

Notes
Turn   | Place    | Note
-------+----------+-------------------------------------------
     0 | D:1      | dialectric the Gargoyle Artificer began the quest for the
                  | Orb.
     0 | D:1      | Reached XP level 1. HP: 12/12 MP: 1/1
    37 | D:1      | Found Qoerae Noru's Antique Armour Shop.
   231 | D:1      | Reached XP level 2. HP: 16/16 MP: 2/2
   721 | D:2      | Noticed Sigmund
   847 | D:3      | Reached XP level 3. HP: 18/20 MP: 3/3
  1066 | D:3      | Reached skill level 1 in Dodging
  1081 | D:3      | HP: 1/20 [worm (4)]
  1108 | D:3      | Noticed Robin
  1227 | D:3      | Killed Robin
  1228 | D:3      | Reached skill level 1 in Short Blades
  1304 | D:3      | Found a blossoming altar of Fedhas.
  1389 | D:3      | Noticed Ijyb
  1392 | D:3      | Gained mutation: You expend magic power (3 MP) to
                  | strengthen your wands. [potion of mutation]
  1400 | D:3      | Killed Ijyb
  1401 | D:3      | Reached XP level 4. HP: 11/26 MP: 0/4
  1465 | D:3      | Found a faded altar of an unknown god.
  1812 | D:3      | Found a runed translucent door.
  1813 | D:3      | Noticed Crazy Yiuf
  2058 | D:4      | Reached XP level 5. HP: 30/30 MP: 0/5
  2158 | D:4      | Noticed a phantom
  2188 | D:4      | Killed a phantom
  2251 | D:4      | Found a white marble altar of Elyvilon.
  2253 | D:4      | Found a hide-covered altar of Uskayaw.
  2260 | D:4      | Reached XP level 6. HP: 28/36 MP: 6/6
  2725 | D:4      | Noticed Menkaure
  2737 | D:4      | Killed Menkaure
  2872 | D:4      | Found a burning altar of Makhleb.
  3102 | D:5      | Entered Level 5 of the Dungeon
  3230 | D:5      | Noticed a water moccasin
  3231 | D:5      | Reached XP level 7. HP: 41/41 MP: 0/7
  3693 | D:5      | Reached XP level 8. HP: 48/48 MP: 1/8
  4166 | D:5      | Reached skill level 5 in Armour
  4398 | D:6      | Reached skill level 5 in Fighting
  4814 | D:2      | Found Engol's Armour Shop.
  4991 | D:2      | Killed Sigmund
  4992 | D:2      | Reached skill level 2 in Maces & Flails
  5124 | D:3      | Killed Crazy Yiuf
  5422 | D:6      | Reached skill level 3 in Maces & Flails
  5463 | D:6      | Reached XP level 9. HP: 54/54 MP: 9/9
  5682 | D:6      | Reached skill level 4 in Maces & Flails
  6046 | D:6      | Reached skill level 5 in Maces & Flails
  6151 | D:7      | Found Omun's Weapon Boutique.
  6237 | D:7      | Found Demivox's Magic Scroll Shoppe.
  6290 | D:7      | Bought a scroll of teleportation for 30 gold pieces
  6290 | D:7      | Bought a scroll of teleportation for 30 gold pieces
  6358 | D:7      | Found a staircase to the Ecumenical Temple.
  6376 | Temple   | Entered the Ecumenical Temple
  6397 | Temple   | Became a worshipper of Qazlal Stormbringer
  6497 | D:7      | Found Ea-nāṣir's Fine Metal Goods.
  6672 | D:7      | Found a hazy altar of Hepliaklqana.
  6735 | D:7      | Reached skill level 6 in Maces & Flails
  6869 | D:7      | Identified the +3 chain mail of Monotheism {rN+ Int-5 Dex+4
                  | Slay+6}
  6956 | D:7      | Found Zezxuyk's Armour Boutique.
  7066 | D:7      | Found Pantolux's Weapon Shop.
  7158 | D:8      | Reached skill level 7 in Maces & Flails
  7198 | D:8      | Reached skill level 8 in Maces & Flails
  7198 | D:8      | Reached XP level 10. HP: 45/60 MP: 6/10
  7574 | D:8      | Reached * piety under Qazlal
  8025 | D:8      | Found Bobudarch's General Store.
  8057 | D:8      | Noticed Maggie
  8380 | D:8      | Found a radiant altar of Vehumet.
  8521 | D:9      | Reached skill level 9 in Maces & Flails
  8653 | D:9      | Noticed a two-headed ogre
  8662 | D:9      | Killed a two-headed ogre
  8663 | D:9      | Reached skill level 10 in Maces & Flails
  8797 | D:9      | Found a glowing silver altar of Zin.
  8872 | D:9      | Identified the +4 ring mail "Imuut" {Will+}
  9132 | D:8      | Killed Maggie
  9272 | D:8      | Bought a scroll of teleportation for 42 gold pieces
  9272 | D:8      | Bought a potion of heal wounds for 70 gold pieces
  9537 | D:9      | Found a broken altar of Ashenzari.
  9554 | D:9      | Found Nuff's Assorted Antiques.
  9560 | D:9      | Bought a twitching brass ring for 145 gold pieces
  9560 | D:9      | Identified the ring of Cifif {rPois SInv} (You bought it in
                  | a shop on level 9 of the Dungeon)
  9594 | D:9      | Reached skill level 11 in Maces & Flails
  9778 | D:9      | Found a staircase to the Orcish Mines.
  9969 | Orc:1    | Entered Level 1 of the Orcish Mines
  9982 | D:9      | Reached ** piety under Qazlal
  9986 | D:9      | Reached XP level 11. HP: 59/67 MP: 8/11
 10187 | D:10     | Entered Level 10 of the Dungeon
 10340 | D:10     | Noticed a death yak
 10340 | D:10     | Noticed a death yak
 10366 | D:10     | Noticed a death yak
 10381 | D:9      | a death yak changed into a shapeshifter
 10425 | D:10     | Identified a scroll of acquirement
 10425 | D:10     | Acquired 800 gold pieces
 10464 | D:10     | Noticed a two-headed ogre
 10478 | D:10     | Killed a two-headed ogre
 10527 | D:10     | Found a staircase to the Lair.
 10544 | D:10     | Found a flagged portal.
 10571 | Bailey   | Entered a bailey
 10576 | Bailey   | Noticed an orc warlord
 10594 | Bailey   | Reached *** piety under Qazlal
 10629 | Bailey   | Noticed an orc knight
 10649 | Bailey   | Killed an orc knight
 10650 | Bailey   | Reached skill level 12 in Maces & Flails
 10718 | Bailey   | Found a runed translucent gate.
 10720 | Bailey   | Found a runed translucent gate.
 10796 | Bailey   | Found a runed translucent gate.
 10902 | Bailey   | Killed an orc warlord
 10924 | Bailey   | Acquired the +3 pair of gauntlets of War {Slay+5}
 10924 | Bailey   | Found the +3 pair of gauntlets of War {Slay+5}
 11841 | D:11     | Noticed a boulder beetle
 11853 | D:11     | Killed a boulder beetle
 11854 | D:11     | Reached skill level 10 in Armour
 11901 | D:11     | Reached **** piety under Qazlal
 12086 | D:11     | Noticed a boulder beetle
 12096 | D:11     | Killed a boulder beetle
 12097 | D:11     | Reached XP level 12. HP: 75/75 MP: 12/12
 12122 | D:11     | Reached skill level 13 in Maces & Flails
 12666 | D:12     | Noticed a two-headed ogre
 12782 | Lair:1   | Entered Level 1 of the Lair of Beasts
 12907 | Lair:1   | Noticed a catoblepas
 12915 | Lair:1   | Killed a catoblepas
 13059 | Lair:1   | Reached skill level 14 in Maces & Flails
 13190 | Lair:1   | You fall into a shaft and drop 1 floor!
 13212 | Lair:2   | Reached skill level 10 in Fighting
 13215 | Lair:2   | Reached ***** piety under Qazlal
 13516 | Lair:2   | Found a staircase to the Swamp.
 13553 | Lair:2   | Reached XP level 13. HP: 84/84 MP: 13/13
 13692 | Lair:2   | Found a hole to the Spider Nest.
 14178 | Swamp:1  | Entered Level 1 of the Swamp
 15319 | Lair:4   | Reached skill level 15 in Maces & Flails
 16014 | Lair:5   | Entered Level 5 of the Lair of Beasts
 16085 | Lair:5   | Gained mutation: Your large and strong wings let you fly.
                  | [Gargoyle growth]
 16085 | Lair:5   | Reached XP level 14. HP: 79/92 MP: 14/14
 16236 | Lair:5   | Noticed a dire elephant
 16238 | Lair:5   | Reached skill level 16 in Maces & Flails
 16258 | Lair:5   | Found a staircase to the Slime Pits.
 16326 | Lair:5   | Reached ****** piety under Qazlal
 16338 | Lair:5   | Killed a dire elephant
 17366 | Orc:2    | Entered Level 2 of the Orcish Mines
 17378 | Orc:1    | Reached skill level 17 in Maces & Flails
 17545 | Orc:2    | Found Ickiejac's Antique Weapon Boutique.
 17591 | Orc:2    | Found Udueg's General Store.
 17620 | Orc:2    | Found a staircase to the Elven Halls.
 17620 | Orc:2    | Found Fowab's General Store.
 18030 | Orc:2    | Found Kaitiu's Jewellery Emporium.
 18131 | Orc:2    | Bought a scroll of blinking for 90 gold pieces
 18151 | Orc:2    | Bought a +2 pair of boots of rampaging for 258 gold pieces
 18198 | Orc:2    | Bought a potion of might for 56 gold pieces
 18256 | Orc:2    | Found a runed translucent gate.
 18256 | Orc:2    | Noticed Jackthecabe's ghost (journeyman TrDe)
 18257 | Orc:2    | Found a runed translucent gate.
 18258 | Orc:2    | Found a runed translucent gate.
 18258 | Orc:2    | Noticed an orc warlord
 18655 | D:12     | Found a transporter.
 18658 | D:12     | Found a transporter.
 18658 | D:12     | Noticed Naggiasi's ghost (journeyman KoBr)
 18841 | D:12     | Noticed a frost giant
 18845 | D:12     | a frost giant changed into a shadow dragon
 18845 | D:12     | Noticed a shadow dragon (glowing shapeshifter)
 18846 | D:12     | a shadow dragon changed into a golden dragon
 18846 | D:12     | Noticed a golden dragon (glowing shapeshifter)
 18851 | D:12     | a golden dragon changed into an iron dragon
 18851 | D:12     | Noticed an iron dragon (glowing shapeshifter)
 18860 | D:12     | Noticed a quicksilver dragon
 18867 | D:12     | a quicksilver dragon changed into a sphinx
 18867 | D:12     | Noticed a sphinx (glowing shapeshifter)
 18868 | D:12     | a sphinx changed into a fenstrider witch
 18868 | D:12     | Noticed a fenstrider witch (glowing shapeshifter)
 18879 | D:12     | Noticed a sphinx
 18880 | D:12     | a sphinx changed into a fenstrider witch
 18880 | D:12     | Noticed a fenstrider witch (glowing shapeshifter)
 18882 | D:12     | a fenstrider witch changed into a stone giant
 18882 | D:12     | Noticed a stone giant (glowing shapeshifter)
 18885 | D:12     | a stone giant changed into a frost giant
 18885 | D:12     | Noticed a frost giant (glowing shapeshifter)
 18889 | D:12     | a frost giant changed into an alligator snapping turtle
 18890 | D:12     | an alligator snapping turtle changed into a shadow dragon
 18890 | D:12     | Noticed a shadow dragon (glowing shapeshifter)
 18894 | D:12     | a shadow dragon changed into an iron dragon
 18894 | D:12     | Noticed an iron dragon (glowing shapeshifter)
 18898 | D:12     | an iron dragon changed into a golden dragon
 18898 | D:12     | Noticed a golden dragon (glowing shapeshifter)
 18905 | D:12     | a golden dragon changed into an acid blob
 18905 | D:12     | Noticed an acid blob (glowing shapeshifter)
 18907 | D:12     | an acid blob changed into an iron giant
 18907 | D:12     | Noticed an iron giant (glowing shapeshifter)
 19070 | D:13     | Reached skill level 1 in Shields
 19388 | D:13     | Reached XP level 15. HP: 97/97 MP: 15/15
 19586 | D:13     | Found a gate to the Vaults.
 20250 | Orc:1    | Reached skill level 18 in Maces & Flails
 20564 | Orc:2    | Bought a scroll of fear for 48 gold pieces
 20567 | Elf:1    | Entered Level 1 of the Elven Halls
 20774 | Orc:2    | Found Quoroga's Assorted Antiques.
 20777 | Orc:2    | Found Boturub's Book Shoppe.
 20778 | Orc:2    | Found Rulohes's Antique Armour Emporium.
 20779 | Orc:2    | Found Nijoul's Armour Emporium.
 20782 | Orc:2    | Bought a slimy helmet for 332 gold pieces
 20782 | Orc:2    | Identified the -1 helmet of the Abyss {rElec} (You bought
                  | it in a shop on level 2 of the Orcish Mines)
 20792 | Orc:2    | Bought a scroll of teleportation for 96 gold pieces
 20862 | Orc:2    | Found an iron altar of Okawaru.
 21084 | Elf:1    | Reached skill level 5 in Dodging
 21485 | Spider:1 | Entered Level 1 of the Spider Nest
 21513 | Spider:1 | Noticed a ghost moth
 21524 | Spider:1 | Killed a ghost moth
 21826 | Lair:2   | Reached skill level 15 in Armour
 21828 | Lair:2   | Reached skill level 5 in Shields
 21968 | Spider:1 | Noticed a ghost moth
 21984 | Spider:1 | Killed a ghost moth
 22039 | Spider:1 | Slain by a jorogumo

Illustrated notes

Levels and vault maps discovered:
D:1:      tarquinn_simple_flora_water_a, layout_basic, serial_shops, shop
D:2:      layout_rooms, serial_shops, shop, feat_on_display, uniq_sigmund
D:3:      layout_loops_cross, nicolae_overflow_crystal_walls,
          hellmonk_ecumenical_altar_run_dry, uniq_crazy_yiuf_cottage, uniq_ijyb,
          uniq_robin
D:4:      layout_cave_pools, mainiacjoe_overflow_24_doors, jmf_multi_god_temple,
          minmay_bent, uniq_menkaure
D:5:      cheibrodos_quashed, layout_basic
D:6:      layout_loops_ring
D:7:      layout_layer_cave, mainiacjoe_overflow_alcove_2,
          minmay_temple_entry_wispy, serial_shops, nicolae_shop_behind_doors,
          shop, shop, kennysheep_mini_moat, minmay_door_square,
          nicolae_ea-nasir_strikes_again, small_statue_intersection,
          kennysheep_generic_room_12
D:8:      layout_basic, fiery_altar_vehumet, st_stairs_5,
          nicolae_inconvenience_store, minivault_21, uniq_maggie
D:9:      layout_irregular_city, ashenzari_conservatory_becter,
          mainiacjoe_overflow_boulevard, hiddenorc1_lemuel, serial_shops, shop,
          chequers_jeans
D:10:     layout_stronghold, dpeg_lair_monsters, lightli_bailey_entry_fortress,
          serial_bayou_pond_d, kennysheep_generic_room_3
D:11:     layout_basic, serial_rivers, chequers_serial_rivers_room_a,
          chequers_serial_rivers_micro_b, chequers_serial_rivers_small_3,
          chequers_serial_rivers_room_b, chequers_serial_rivers_room_b
D:12:     layout_roguey, gammafunk_ghost_arena
D:13:     layout_loops_cross, grunt_vaults_entry_tiered
D:14:     evilmike_halls_of_destruction, layout_cave_pools, serial_park_square3
          [serial_park_minivault_5x5_3], uniq_rupert
Temple:   nicolae_temple_superstar
Lair:1:   minmay_lair_oklob_chamber, layout_regular_city
Lair:2:   layout_cave_pods, swamp_mist, spider_nest_entry_web_field,
          gauntlet_entry_generic, grunt_megastairs_4, infiniplex_staircase_pool
Lair:3:   layout_layer_cave, grunt_megastairs_1
Lair:4:   dreamdust_isle_of_ice, layout_gridlike, roderic_batcave,
          serial_bayou_shore_b, serial_bayou_shore_b
Lair:5:   gammafunk_lair_ancient_temple, layout_regular_city,
          minmay_slime_entry_pillars
Swamp:1:  layout_basic_swamp, evilmike_swamp_ruin_house_2
Spider:1: nicolae_spider_brood_tunnel, portal_ice_cave_entry_ugly_swarm,
          nicolae_spider_nooks_and_crannies
Orc:1:    layout_caves, basic_altar
Orc:2:    st_orc_pillars, layout_caves, serial_shops, nicolae_shop_peninsula,
          shop, shop, shop, gammafunk_ghost_fury_of_okawaru, basic_altar,
          lemuel_statue_altar
Elf:1:    eino_elf_arrival_the_gate, layout_geoelf_octagon, evilmike_minifort,
          roderic_lattice_octagonal_star
Elf:2:    elven_hall_of_blades_hangedman_alternative
          [nooodl_blade_entry_preview], layout_onion_city, lemuel_upstairs_altar

Skill      XL: |  1  2  3  4  5  6  7  8  9 10 11 12 13 14 15 |
---------------+----------------------------------------------+-----
Evocations     | 3 4 |  4.3
Dodging        | 1 2 3 4 5 |  5.0
Short Blades   | 1 2 3 4 |  4.0
Fighting       | 2 3 4 5 6 7 8 10 12 14 | 14.4
Armour         | 3 4 6 7 10 11 13 14 15 | 15.1
Maces & Flails | 3 8 11 12 14 15 17 18 | 18.0
Shields        | 1 5 |  5.6
Stealth        | |  1.1

Action                     |  1- 3 |  4- 6 |  7- 9 | 10-12 | 13-15 || total
---------------------------+-------+-------+-------+-------+-------++-------
  Melee: Short sword       |   198 |   226 |   273 |       |       ||   697
         Club              |     8 |       |       |       |       ||     8
         Punch             |     1 |     5 |     9 |     6 |    19 ||    40
         Morningstar       |       |       |   269 |   655 |   909 ||  1833
  Throw: Dart              |       |       |       |       |     2 ||     2
  Evoke: Wand              |     2 |    10 |    21 |     2 |    16 ||    51
    Use: Potion            |     3 |     1 |     1 |     2 |     3 ||    10
         Scroll            |       |       |    11 |    18 |     8 ||    37
   Stab: Sleeping          |       |     1 |       |       |       ||     1
         Paralysed         |       |     3 |     9 |     2 |     1 ||    15
         Confused          |       |       |       |     1 |       ||     1
         Petrified         |       |       |       |     1 |       ||     1
         Distracted        |       |       |       |       |     1 ||     1
 Armour: Leather armour    |    90 |    75 |       |       |       ||   165
         Chain mail        |       |     2 |   454 |   414 |   570 ||  1440
         Ring mail         |       |       |       |    20 |       ||    20
  Dodge: Dodged            |   180 |   148 |   271 |   316 |   373 ||  1288
         Repelled          |       |       |       |       |    10 ||    10
  Block: Other             |       |       |       |    86 |   309 ||   395
